 Dungeon Crawl Stone Soup version 0.29-a0-817-g9904bce7a6 (webtiles) character file.

Game seed: 12018099162876276012

2007 LynnLen the Covert (level 9, 0/51 HPs)
             Began as a Vampire Enchanter on July 6, 2022.
             Was an Initiate of Yredelemnul.
             Slain by a wight
             ... wielding a +4 battleaxe
              (17 damage)
             ... on level 6 of the Dungeon.
             The game lasted 00:28:55 (7420 turns).

LynnLen the Covert (Vampire Enchanter)              Turns: 7420, Time: 00:28:56

Health: 0/51       AC:  7    Str:  9    XL:     9   Next: 2%
Magic:  24/24      EV: 13    Int: 17    God:    Yredelemnul [......]
Gold:   267        SH:  0    Dex: 17    Spells: 7/16 levels left

rFire   . . .      SeeInvis +   a - +1 dagger (vorpal)
rCold   + + +      Faith    .   (no shield)
rNeg    + + +      Spirit   .   f - +3 leather armour
rPois   ∞          Reflect  .   (no helmet)
rElec   .          Harm     .   (no cloak)
rCorr   .          Rampage  .   n - +0 pair of gloves
Will    .....                   (no boots)
Stlth   +++++++...              (no amulet)
HPRegen 0.00/turn               i - ring of Sucav {*Corrode rPois rC+++ rN++ Slay+3}
MPRegen 0.19/turn               l - ring of magical power

@: bloodless, inhibited regen
A: bloodless, fangs 3, see invisible, vampiric 2, robust 1, MP-powered wands
a: Bat Form, Revivify, Renounce Religion, Recall Undead Harvest


You were on level 6 of the Dungeon.
You worshipped Yredelemnul.
Yredelemnul was noncommittal.
You visited 2 branches of the dungeon, and saw 8 of its levels.

You collected 267 gold pieces.

Inventory:

Hand Weapons
 a - a +1 vorpal dagger (weapon)
 u - a +2 whip of pain
Armour
 f - a +3 leather armour (worn)
 n - a +0 pair of gloves (worn)
Jewellery
 i - the ring of Sucav (left hand) {*Corrode rPois rC+++ rN++ Slay+3}
   (You found it on level 2 of the Dungeon)

   [ring of poison resistance]

   Slay:      It affects your accuracy & damage with ranged weapons and melee
   (+3).
   rC:        It renders you almost immune to cold.
   rPois:     It protects you from poison.
   rN:        It greatly protects you from negative energy.
   *Corrode:  It may corrode you when you take damage.
 l - a ring of magical power (right hand)
 m - a ring of protection from cold
 s - a +4 ring of slaying
Wands
 b - a wand of polymorph (1)
 o - a wand of flame (25)
Scrolls
 d - 4 scrolls of teleportation
 g - 2 scrolls of vulnerability
 q - a scroll of blinking
Potions
 c - a potion of invisibility
 e - 2 potions of mutation
 h - a potion of lignification
 j - 2 potions of haste
 k - a potion of brilliance
 p - 3 potions of attraction
 r - a potion of resistance
 t - a potion of flight
 v - a potion of berserk rage {unknown}


   Skills:
 + Level 5.2 Short Blades
 + Level 4.4 Dodging
 * Level 13.8 Stealth
 * Level 4.4 Spellcasting
 + Level 6.3 Hexes


You had 7 spell levels left.
You knew the following spells:

 Your Spells              Type           Power      Damage    Failure   Level
a - Confusing Touch       Hex            25%        N/A       4%          3
b - Tukima's Dance        Hex            25%        N/A       4%          3
c - Dazzling Flash        Conj/Hex       28%        N/A       17%         3

Your spell library contained the following spells:

 Spells                   Type           Power      Damage    Failure   Level
 Ensorcelled Hibernation  Hex/Ice        28%        N/A       9%          2
 Poisonous Vapours        Pois/Air       6%         N/A       32%         2
 Corpse Rot               Necr/Pois/Air  3%         N/A       91%         4
 Dispersal                Tloc           1%         N/A       100%        6
 Disjunction              Tloc           1%         N/A       100%        8


Dungeon Overview and Level Annotations

Branches:
Dungeon (7/15)             Temple (1/1) D:4

Altars:
Ashenzari
Cheibriados
Fedhas
Gozag
Hepliaklqana
Kikubaaqudgha
Makhleb
Nemelex Xobeh
Qazlal
Ru
Sif Muna
Trog
Vehumet
Wu Jian
Xom
Yredelemnul

Shops:
D:3 (   D:4 ((

Annotations:
D:2 1 runed translucent door, Crazy Yiuf


Innate Abilities, Weirdness & Mutations

You do not regenerate when monsters are visible.
You are frail without blood (-20% HP).
You can heal yourself when you bite living creatures.
You are immune to poison.
You have razor-sharp teeth.
You have supernaturally acute eyesight. (SInv)
You are afflicted with vampirism and can become a bat while bloodless.
You are robust. (+10% HP)
You expend magic power (3 MP) to strengthen your wands.


Message History

You swap places.
You see here a +0 spear.
Okay, then.
An electric eel comes into view.
An electric eel is nearby!
You swap places.
The electric eel shoots out a bolt of lightning at you!
The bolt of electricity hits the plant!
The plant begins to die.
The bolt of electricity hits you!
A nearby plant withers and dies.
Number of times to repeat, then command key: 9 Unknown command, not repeating.
Unknown command.
Found a scroll of vulnerability.
Found a sacrificial altar of Ru.
g - 2 scrolls of vulnerability (gained 1) Unknown command. 2 wights come into view.
Found a stone staircase leading up.
A wight comes into view. It is wielding a +4 mace of freezing.
A wight comes into view. It is wielding a +3 halberd.
You see here a +0 spear.
There is a stone staircase leading up here.
The wight hits you with a +4 battleaxe!
There is a stone staircase leading up here.
There are no items here.
The wight barely misses you.
You climb upwards.
There is a stone staircase leading down here.
You closely miss the wight. Your bite misses the wight.
The wight hits you with a +4 battleaxe!
You hit the wight but do no damage. You hit the wight.
The wight is lightly damaged.
The wight hits you with a +4 battleaxe!
You hit the wight. Your bite misses the wight.
The wight is heavily damaged.
The wight hits you with a +4 battleaxe!
You die...
Yredelemnul claims you as an undead slave.

...# #Z# #...## ##Z## ##.# #.#
###.# #.# ##.# ####Z### #.# #.#
#.# #......# ##'## #####.### ##.#
#.##Z#.# ##...###........ Z..#
#.##<#.###..<..##.###.##. ####
#....#.##.......#.# #..#.
#########...##.#.)........###....
................@................
###.####.......z))........##.....
.##.# #........#.......#........
.##.# ##..#.###.##.....#####.##.#
.##.# #.....# #.###...## #.##.#
###.# #...### #.# ##'## #.##.# #
#.# #...# #.# #.# #.##Z# #
#.###...#####.# #.# #.##Z# #
#.........ZZ..# ##.## #.....


You could see a wight.

Vanquished Creatures
  Pikel (D:4)
  Sigmund (D:2)
  Eustachio (D:5)
  A steam dragon (D:6)
  2 sky beasts (D:6)
  2 ogres
  2 scorpions (D:6)
  A necrophage (D:5)
  A howler monkey (D:6)
  A hound (D:5)
  A gnoll bouda (D:7)
  2 iguanas
  Terence (D:3)
  5 orc wizards
  5 gnolls
  4 adders
  A white imp (D:5)
  An orc zombie (D:5)
  A worm (D:5)
  A dart slug (D:1)
  15 orcs
  4 bats
  11 endoplasms
  3 giant cockroaches
  6 goblins
  3 hobgoblins (D:1)
  2 quokkas
  7 ball pythons
  5 frilled lizards
  7 kobolds
  2 rats (D:3)
  2 butterflies (D:4)
102 creatures vanquished.

Vanquished Creatures (collateral kills)
  An orc warrior (D:5)
  A shadow imp (D:7)
  A dart slug (D:5)
  An orc (D:5)
  A hobgoblin (D:3)
5 creatures vanquished.

Vanquished Creatures (others)
  An orc wizard (D:4)
  A hound zombie (D:5)
  A human zombie (D:5)
  2 adder zombies
  A gnoll zombie (D:7)
  A dart slug zombie (D:5)
  An endoplasm zombie (D:4)
  An orc zombie (D:5)
  3 plants (D:7)
12 creatures vanquished.

Grand Total: 119 creatures vanquished

Notes
Turn   | Place    | Note
-------+----------+-------------------------------------------
     0 | D:1      | LynnLen the Vampire Enchanter began the quest for the Orb.
     0 | D:1      | Reached XP level 1. HP: 13/13 MP: 3/3
    41 | D:1      | Found a faded altar of an unknown god.
   126 | D:1      | Reached skill level 5 in Stealth
   231 | D:1      | Reached XP level 2. HP: 15/15 MP: 5/5
   940 | D:1      | Gained mutation: You are afflicted with vampirism and can
                  | become a bat while bloodless. [Vampire growth]
   940 | D:1      | Reached XP level 3. HP: 19/19 MP: 6/6
  1062 | D:2      | Identified the ring of Sucav {*Corrode rPois rC+++ rN++
                  | Slay+3}
  1578 | D:2      | Noticed Sigmund
  1582 | D:2      | Killed Sigmund
  1583 | D:2      | Reached skill level 8 in Stealth
  1583 | D:2      | Reached skill level 5 in Hexes
  1583 | D:2      | Reached XP level 4. HP: 24/24 MP: 7/7
  1583 | D:2      | Reached XP level 5. HP: 28/28 MP: 8/8
  1587 | D:2      | Learned a level 3 spell: Confusing Touch
  1591 | D:2      | Learned a level 3 spell: Tukima's Dance
  1595 | D:2      | Learned a level 3 spell: Dazzling Flash
  1674 | D:2      | Found a runed translucent door.
  1675 | D:2      | Noticed Crazy Yiuf
  1860 | D:3      | Found an ancient bone altar of Kikubaaqudgha.
  1981 | D:3      | Found Yryvony's Weapon Boutique.
  1981 | D:3      | Noticed Terence
  1985 | D:3      | Killed Terence
  2060 | D:3      | Reached XP level 6. HP: 28/32 MP: 6/9
  2335 | D:3      | Found an opulent altar of Gozag.
  2345 | D:3      | Reached skill level 9 in Stealth
  2346 | D:3      | Found a sparkling altar of Nemelex Xobeh.
  2691 | D:4      | Found a staircase to the Ecumenical Temple.
  2713 | Temple   | Entered the Ecumenical Temple
  2864 | Temple   | Became a worshipper of Yredelemnul the Dark
  2976 | D:4      | Noticed Pikel
  3084 | D:4      | Found Qaiphem's Antique Weapon Shop.
  3105 | D:4      | Found a shimmering altar of Xom.
  3584 | D:4      | Found Laeqaecs's Weapon Emporium.
  3673 | D:4      | Reached * piety under Yredelemnul
  3724 | D:4      | Killed Pikel
  3725 | D:4      | Reached skill level 11 in Stealth
  3725 | D:4      | Reached XP level 7. HP: 18/36 MP: 12/12
  4041 | D:5      | Entered Level 5 of the Dungeon
  4050 | D:5      | Noticed Eustachio
  4117 | D:5      | Reached skill level 12 in Stealth
  4204 | D:5      | Reached XP level 8. HP: 10/41 MP: 13/13
  4645 | D:5      | Killed Eustachio
  4687 | D:5      | Your ally Eustachio died
  5001 | D:5      | Gained mutation: You expend magic power (3 MP) to
                  | strengthen your wands. [potion of mutation]
  5001 | D:5      | Gained mutation: You are robust. (+10% HP) [potion of
                  | mutation]
  5843 | D:6      | Reached skill level 13 in Stealth
  6007 | D:6      | Reached ** piety under Yredelemnul
  6369 | D:6      | Reached skill level 5 in Short Blades
  6998 | D:6      | Reached XP level 9. HP: 15/51 MP: 15/15
  7353 | D:7      | Found a sacrificial altar of Ru.
  7420 | D:6      | Slain by a wight

Illustrated notes

Levels and vault maps discovered:
D:1:      dreamdust_arrival_beginning_and_end, layout_rooms,
          serial_co_window_serial, co_window_corner_a, co_window_paths_a,
          co_window_corner_a, co_window_paths_a, co_window_cross_1,
          co_window_of_opportunity_a, co_window_corner_a, co_window_paths_c,
          co_window_broadway_a, co_window_corner_ca, co_window_sun,
          glass_columns_b, glass_columns_a, glass_columns_b, glass_columns_c,
          glass_columns_a, hellmonk_ecumenical_altar_inner_sanctum
D:2:      layout_loops_cross, basic_altar, minmay_tetromino_s4, uniq_sigmund,
          uniq_crazy_yiuf_cottage
D:3:      layout_rooms, grunt_temple_overflow_opulence,
          mainiacjoe_overflow_six_doors_small, serial_shops,
          nicolae_shop_temple_entry_statues_fountains, uniq_terence
D:4:      layout_rooms, xom_butterflies, minmay_temple_entry_wispy,
          serial_shops, nicolae_shop_behind_doors, nicolae_stop_n_shop_1,
          grunt_decor_fettered, minmay_a_box_with_orc_wizards_in_it, uniq_pikel
D:5:      layout_basic, minmay_misc_feat_roman, uniq_eustachio
D:6:      layout_loops_corners
D:7:      layout_layer_cave, mainiacjoe_overflow_catwalk, serial_bayou_lake_a
Temple:   compressed_dpeg_triangle_lava_temple

Skill      XL: |  1  2  3  4  5  6  7  8 |
---------------+-------------------------+-----
Stealth        | 5 8 11 12 13 | 13.8
Short Blades   | 2 3 5 |  5.2
Hexes          | 5 6 |  6.3
Spellcasting   | 3 4 |  4.4
Dodging        | 3 4 |  4.4

Action                   |  1- 3 |  4- 6 |  7- 9 || total
-------------------------+-------+-------+-------++-------
Melee: Dagger            |    69 |   100 |   180 ||   349
       Bite              |     3 |    13 |    32 ||    48
       Punch             |     1 |     4 |     5 ||    10
 Cast: Confusing Touch   |       |     1 |     4 ||     5
       Tukima's Dance    |       |     2 |     3 ||     5
Invok: Dark Bargain      |       |       |     1 ||     1
 Abil: Exsanguinate      |     1 |       |       ||     1
  Use: Scroll            |     5 |     7 |     6 ||    18
       Potion            |       |     3 |     3 ||     6
 Stab: Sleeping          |    17 |    15 |     9 ||    41
       Confused          |       |       |     1 ||     1
Armor: Leather armour    |    14 |    21 |    39 ||    74
Dodge: Dodged            |    22 |    44 |    97 ||   163

Table legend: (Time is in decaauts)
 A = Elapsed time spent in this place.
 B = Non-inter-level travel time spent in this place.
 C = Inter-level travel time spent in this place.
 D = Time resting spent in this place.
 E = Time spent auto-exploring this place.
 F = Levels seen in this place.
 G = Mean time per level.
                   A        B        C        D        E       F      G
               +--------+--------+--------+--------+--------+-----+--------+
         Total |   7365 |   7365 |      0 |   2539 |   2298 |   8 |  920.6 |
       Dungeon |   7199 |   7199 |      0 |   2539 |   2298 |   7 | 1028.4 |
        Temple |    165 |    165 |      0 |      0 |      0 |   1 |  165.0 |
               +--------+--------+--------+--------+--------+-----+--------+

Top non-repeatable levels by time:
     D:5: 1611 daAuts
     D:6: 1501 daAuts
     D:3: 1156 daAuts
     D:1: 1016 daAuts
     D:4: 886 daAuts
     D:2: 797 daAuts
     D:7: 230 daAuts
  Temple: 165 daAuts
